 Dungeon Crawl Stone Soup version 0.17-a0-427-ga655056 (webtiles) character file.

14058 Medar the Slicer (level 11, -2/81 HPs)
             Began as a Mummy Necromancer on Apr 2, 2015.
             Was a Priest of Ashenzari.
             Slain by an alligator (22 damage)
             ... on level 4 of the Lair of Beasts on Apr 3, 2015.
             The game lasted 01:06:07 (22106 turns).

Medar the Slicer (Mummy Necromancer)               Turns: 22106, Time: 01:06:07

Health: -2/81      AC: 11    Str: 11    XL:     11   Next: 83%
Magic:  8/17       EV: 14    Int: 17    God:    Ashenzari [***...]
Gold:   629        SH:  0    Dex: 12    Spells: 5 memorised, 9 levels left

rFire  + . .     SeeInvis +     a - +0 rapier (curse)
rCold  + + +     Clarity  +     i - +0 steam dragon armour (curse)
rNeg   + + +     SustAb   .     (no shield)
rPois  ∞         Gourm    .     h - +0 helmet (curse)
rElec  .         Spirit   .     j - +1 cloak {rC+}
rCorr  .         Warding  +     M - +1 pair of gloves {rC+}
rMut   .         Stasis   .     (no boots)
MR     +....                    f - amulet of warding (curse)
Stlth  +++.......               o - ring of protection from fire (curse)
                                r - ring of protection from fire (curse)

@: somewhat resistant to hostile enchantments, fairly stealthy
A: no food or potions, fire vulnerability, cold resistance 1, negative energy
resistance 3, torment resistance, unbreathing
a: Renounce Religion


You were on level 4 of the Lair of Beasts.
You worshipped Ashenzari.
Ashenzari was most pleased with you.
You were not hungry.

You visited 3 branches of the dungeon, and saw 15 of its levels.
You also visited: Ice Cave.

You collected 629 gold pieces.

Inventory:

Hand weapons
 a - a cursed +0 rapier (weapon)
 b - a +0 dagger of venom
 D - a +0 dagger of chaos
 H - a +0 blowgun
 I - a +0 short sword of venom
 N - a +0 great sword
 O - a +1 battleaxe of freezing
Missiles
 k - 65 poisoned needles
 u - 13 tomahawks (quivered)
 G - 11 curare-tipped needles
 P - 5 silver tomahawks
Armour
 h - a cursed +0 helmet (worn)
 i - a cursed +0 steam dragon armour (worn)
 j - a +1 cloak of cold resistance (worn)
 n - a +0 large shield
 y - a +0 pair of gloves
 z - a +0 cloak
 M - a +1 pair of gloves of cold resistance (worn)
Magical staves
 g - an uncursed staff of earth
Jewellery
 f - a cursed amulet of warding (around neck)
 o - a cursed ring of protection from fire (right hand)
 p - an uncursed ring of teleport control
 r - a cursed ring of protection from fire (left hand)
 E - an uncursed amulet of regeneration
Magical devices
 c - a wand of invisibility (1)
 d - a wand of paralysis (12)
 t - a wand of random effects (10)
 B - a wand of polymorph (8)
 C - a wand of polymorph (0)
 J - a wand of magic darts (23)
 K - a wand of paralysis (15)
Scrolls
 e - 7 scrolls of teleportation
 l - 4 scrolls of enchant weapon
 m - 2 scrolls of curse weapon
 q - 4 scrolls of fog
 s - 4 scrolls of immolation
 w - a scroll of noise
 A - a scroll of holy word {unknown}
 L - a scroll of acquirement {unknown}
Books
 v - a book of Necromancy

   Spells                             Type                      Level
   a - Pain                           Necromancy                   1
   b - Animate Skeleton               Necromancy                   1
   c - Vampiric Draining              Necromancy                   3
   d - Regeneration                   Charms/Necromancy            3
   e - Animate Dead                   Necromancy                   4
   f - Control Undead                 Necromancy                   4
Miscellaneous
 F - a phantom mirror


   Skills:
 - Level 6.2 Fighting
 + Level 9.8(12.5) Short Blades
 - Level 5.2 Armour
 - Level 5.1 Dodging
 - Level 4.1 Stealth
 - Level 6.1 Spellcasting
 - Level 8.4(11.3) Necromancy
 - Level 2.0(4.2) Evocations


You had 9 spell levels left.
You knew the following spells:

 Your Spells              Type           Power        Failure   Level  Hunger
c - Vampiric Draining     Necr           #####.....   1%          3    N/A
d - Control Undead        Necr           #####.....   1%          4    N/A
s - Animate Dead          Necr           N/A          1%          4    N/A
x - Pain                  Necr           ####         1%          1    N/A
S - Animate Skeleton      Necr           N/A          1%          1    N/A

Dungeon Overview and Level Annotations

Branches:
Dungeon (8/15)             Temple (1/1) D:7            Lair (6/8) D:8
  Swamp (0/5) Lair:4
  Snake: Lair:3-6    Spider: Lair:3-6     Slime: Lair:6-8

Altars:
Ashenzari
Cheibriados
Dithmenos
Elyvilon
Fedhas
Gozag
Kikubaaqudgha
Makhleb
Nemelex Xobeh
Okawaru
Qazlal
Ru
Sif Muna
Trog
Vehumet
Xom
Yredelemnul
Zin
The Shining One

Annotations:
D:3 Borgoz's ghost, average FoFi
D:7 exclusion: goliath beetle
Lair:5 Conn321's ghost, powerful DEAE


Innate Abilities, Weirdness & Mutations

You do not eat or drink.
Your flesh is vulnerable to fire.
You are immune to poison.
Your flesh is cold resistant.
You are immune to negative energy.
You are immune to unholy pain and torment.
You can survive without breathing.


Message History

Your griffon zombie bites the alligator but does no damage.
Your griffon zombie closely misses the alligator.
Your griffon zombie claws the alligator but does no damage.
Casting: Vampiric Draining
Confirm with . or Enter, or press ? or * to list all spells.
Aiming: Vampiric Draining
Press: ? - help, Shift-Dir - straight line, f/p - alligator
Aim: an alligator (moderately wounded, covering ground quickly)
The alligator is heavily wounded.
You feel life coursing into your body. The alligator bites you!!
* * * LOW HITPOINT WARNING * * *
The alligator completely misses you.
Casting: Vampiric Draining
Confirm with . or Enter, or press ? or * to list all spells.
Aiming: Vampiric Draining
Press: ? - help, Shift-Dir - straight line, f/p - alligator
Aim: an alligator (heavily wounded, covering ground quickly)
The alligator is severely wounded.
You feel life coursing into your body. The alligator bites you!!
You die...

Z♣♣≈♣♣...# ##......#...........
♣♣≈≈§♣≈♣### #......#.#......##..
♣≈≈≈§≈♣≈♣.# ####........P#.#P####
.§§§ZZ≈♣..###..........####### #
§≈§>ZZ§♣♣>..#....#P#.....###.## #
§.§§ZZ§♣♣#..#...#####...Z.....##
♣§≈§ZZ♣♣ #......### #...#Z.....##
♣♣§≈≈♣≈♣###.Z.Z.#.#####...Z....[#
♣♣≈♣♣...#P#...#t@...P.###..Z...(.
.♣♣♣♣.........#P......###....Z...
..♣♣...................##P....Z.#
..........###....#..>..####....Z.
.......#### #...#...P...# ##....Z
......## #...##..P..### ##....
....### ##P####......###....#
....# ### ##.#....###.... ...##
###.....##...#


You could see an alligator, a friendly porcupine zombie and a friendly griffon
zombie.

Vanquished Creatures
  A griffon (Lair:4)
  4 black mambas
  3 spiny frogs
  4 komodo dragons
  5 blue devils (IceCv)
  Grinder (D:4)
  3 blink frogs
  A boulder beetle (Lair:4)
  A basilisk (Lair:1)
  6 yaks (Lair:1)
  A steam dragon (Lair:4)
  3 hippogriffs
  3 vampire mosquitoes (Lair:4)
  An orc warrior (D:7)
  A sky beast (D:6)
  Duvessa (D:4)
  5 porcupines
  6 water moccasins
  A black bear (D:7)
  4 ice beasts
  3 ogres
  3 crocodiles
  3 centaurs
  A big kobold (D:8)
  6 giant frogs
  Dowan (D:5)
  3 scorpions
  2 electric eels
  A giant frog zombie (D:5)
  3 hounds
  A giant frog skeleton (D:6)
  A crimson imp (D:8)
  3 iguanas
  An orc priest (D:7)
  A centaur skeleton (D:7)
  3 worker ants
  2 orc wizards
  2 hound skeletons
  Robin (D:2)
  14 river rats
  20 adders
  A giant mite (D:5)
  14 white imps
  3 worms
  4 ufetubi (IceCv)
  3 adder zombies
  7 giant geckos
  An ooze (D:3)
  13 orcs
  10 giant cockroaches
  21 goblins
  16 hobgoblins
  4 jackals
  20 kobolds
  A ball python (D:3)
  13 bats
  2 giant newts
  9 quokkas
  16 rats
288 creatures vanquished.

Vanquished Creatures (collateral kills)
  A hill giant (D:8)
  Psyche (D:8)
  A komodo dragon (Lair:2)
  A fire drake (Lair:3)
  A polar bear (Lair:4)
  2 blink frogs
  2 basilisks
  4 yaks
  4 vampire mosquitoes (Lair:4)
  Menkaure (D:6)
  5 porcupines
  5 water moccasins
  A phantom (D:6)
  2 crocodiles
  3 giant frogs
  A hound (D:4)
  An iguana (Lair:3)
  4 river rats
  7 white imps (Lair:3)
  An adder skeleton (D:6)
  2 orcs
  2 bats
  5 goblins (D:2)
  A hobgoblin (D:8)
  A jackal (D:2)
  A kobold (D:2)
  A giant newt (D:3)
  3 quokkas
  A quokka zombie (D:8)
  3 rats
68 creatures vanquished.

Vanquished Creatures (others)
  A black mamba zombie (Lair:4)
  A crocodile (Lair:4)
  2 blink frog zombies
  3 vampire mosquito zombies (Lair:4)
  4 water moccasin zombies
  A polar bear zombie (Lair:4)
  2 hippogriff zombies
  A porcupine zombie (Lair:4)
  A human zombie (D:8)
  A crocodile zombie (Lair:5)
  An ogre skeleton (D:6)
  A hound skeleton (D:4)
  A white imp (IceCv)
  3 adder zombies
  An electric eel zombie (Lair:1)
  An iguana skeleton (D:5)
  3 adder skeletons
  5 bat skeletons
  3 river rat zombies
  3 giant gecko skeletons (D:3)
  A giant newt skeleton (D:3)
  7 goblin skeletons
  A hobgoblin skeleton (D:3)
  2 kobold skeletons
  3 kobold zombies (D:8)
  3 orc skeletons
  2 orc zombies (D:8)
  A quokka zombie (Lair:5)
  5 rat skeletons
  A fungus (Lair:1)
65 creatures vanquished.

Grand Total: 421 creatures vanquished

Notes
Turn   | Place    | Note
--------------------------------------------------------------
     0 | D:1      | Medar, the Mummy Necromancer, began the quest for the Orb.
     0 | D:1      | Reached XP level 1. HP: 13/13 MP: 3/3
     2 | D:1      | Learned a level 1 spell: Animate Skeleton
   339 | D:1      | Reached XP level 2. HP: 19/19 MP: 0/4
  1191 | D:2      | Reached XP level 3. HP: 23/25 MP: 2/6
  1476 | D:2      | Reached skill level 1 in Short Blades
  1580 | D:2      | Reached skill level 1 in Fighting
  1722 | D:2      | Learned a level 3 spell: Vampiric Draining
  1798 | D:2      | Noticed Robin
  1806 | D:2      | Killed Robin
  1806 | D:2      | Reached XP level 4. HP: 32/32 MP: 0/7
  1959 | D:2      | Learned a level 4 spell: Control Undead
  2745 | D:3      | Noticed Borgoz's ghost (average FoFi)
  3272 | D:3      | Reached XP level 5. HP: 37/37 MP: 6/8
  4141 | D:3      | Noticed an ogre
  4700 | D:3      | Reached XP level 6. HP: 43/43 MP: 4/9
  5227 | D:4      | Noticed Grinder
  5283 | D:4      | Paralysed by Grinder for 4 turns
  5630 | D:4      | Killed Grinder
  5630 | D:4      | Reached skill level 5 in Necromancy
  5648 | D:4      | Reached skill level 6 in Necromancy
  5993 | D:4      | Reached XP level 7. HP: 48/48 MP: 5/10
  6359 | D:5      | Entered Level 5 of the Dungeon
  6419 | D:5      | Reached skill level 1 in Armour
  6573 | D:5      | Noticed Duvessa
  6575 | D:5      | Noticed Dowan
  6706 | D:5      | Killed Dowan
  6918 | D:4      | Killed Duvessa
  7023 | D:4      | Reached skill level 5 in Short Blades
  7706 | D:5      | Reached XP level 8. HP: 54/54 MP: 4/11
  8340 | D:6      | Noticed Menkaure
  8352 | D:6      | Killed Menkaure
  8545 | D:6      | Reached skill level 7 in Short Blades
  8981 | D:7      | Found a staircase to the Ecumenical Temple.
  8990 | Temple   | Entered the Ecumenical Temple
  9186 | Temple   | Became a worshipper of Ashenzari the Shackled
  9501 | D:7      | Learned a level 4 spell: Animate Dead
  9818 | D:7      | Found a glowing silver altar of Zin.
 10314 | D:7      | Reached XP level 9. HP: 50/61 MP: 5/12
 10517 | D:8      | Found a staircase to the Lair.
 10656 | D:8      | Noticed Psyche
 10680 | D:8      | Killed Psyche
 10680 | D:8      | Reached skill level 8 in Necromancy
 11264 | Lair:1   | Entered Level 1 of the Lair of Beasts
 11311 | Lair:1   | Noticed a black mamba
 11336 | Lair:1   | Killed a black mamba
 11585 | D:8      | Your ally Psyche died
 11648 | D:8      | Upgraded the game from 0.17-a0-377-gdd46233 to 0.17-a0-427-ga655056
 11918 | Lair:1   | Noticed Sonja
 11919 | Lair:1   | Noticed Sonja
 11919 | Lair:1   | Sonja changed into Sonja the worm
 11929 | Lair:1   | Killed Sonja the worm
 12350 | Lair:2   | Reached XP level 10. HP: 56/72 MP: 9/13
 12767 | D:8      | Noticed a hill giant
 12778 | D:8      | Killed a hill giant
 13274 | Lair:1   | Noticed a spiny frog
 13283 | Lair:1   | Killed a spiny frog
 13283 | Lair:1   | Reached skill level 5 in Fighting
 13545 | Lair:1   | Identified the cursed +0 arbalest of Disarray {flame, MP-9 Dex+4 SInv}
 14424 | Lair:1   | Reached skill level 5 in Spellcasting
 14516 | Lair:2   | Noticed a komodo dragon
 14535 | Lair:2   | Killed a komodo dragon
 15303 | Lair:2   | Acquired Ashenzari's first power
 15588 | Lair:2   | Reached XP level 11. HP: 79/79 MP: 5/17
 15923 | Lair:3   | Reached skill level 9 in Short Blades
 16677 | Lair:3   | Reached skill level 1 in Evocations
 17465 | Lair:3   | Acquired Ashenzari's second power
 17879 | Lair:4   | Found a frozen archway.
 18237 | IceCv    | Entered an ice cave
 18407 | IceCv    | Noticed an ice statue
 18407 | IceCv    | Noticed an ice statue
 19170 | IceCv    | Noticed an ice devil
 19192 | IceCv    | Noticed an ice devil
 19211 | IceCv    | Identified the +7 blowgun "Hevuklic" {speed, rN+ MR+}
 20567 | Lair:5   | Noticed Conn321's ghost (powerful DEAE)
 20923 | Lair:4   | Reached skill level 5 in Armour
 21143 | Lair:4   | Found a staircase to the Swamp.
 21175 | Lair:4   | Reached skill level 5 in Dodging
 22006 | Lair:5   | Noticed a four-headed hydra
 22095 | Lair:4   | Noticed an alligator
 22106 | Lair:4   | Slain by an alligator

Action                   |  1- 3 |  4- 6 |  7- 9 | 10-12 || total
-------------------------+-------+-------+-------+-------++-------
Melee: Short sword       |    23 |    79 |       |       ||   102
       Dagger            |       |       |   379 |   628 ||  1007
       Rapier            |       |       |    58 |   220 ||   278
Throw: Tomahawk          |       |       |     1 |     1 ||     2
 Cast: Pain              |    79 |   161 |   156 |   114 ||   510
       Animate Skeleton  |    15 |    38 |    12 |       ||    65
       Control Undead    |       |     2 |     3 |     6 ||    11
       Vampiric Draining |       |     1 |    22 |    67 ||    90
       Animate Dead      |       |       |    13 |    51 ||    64
Evoke: Wand              |       |       |     4 |     9 ||    13
  Use: Scroll            |     1 |     6 |    10 |     9 ||    26
 Stab: Confused          |       |     1 |       |       ||     1
       Distracted        |       |     1 |     3 |     6 ||    10
       Sleeping          |       |       |       |     4 ||     4
       Invisible         |       |       |       |    17 ||    17
